 Dungeon Crawl Stone Soup version 0.30-a0-808-g6e0788376e (webtiles) character file.

Game seed: 9712574896612664831

759659 ragingrage the Black Belt (level 27, -6/212 HPs)
             Began as an Octopode Gladiator on Feb 26, 2023.
             Was an Initiate of Gozag.
             Killed from afar by Lom Lobon (47 damage)
             ... with a great icy blast
             ... in Pandemonium.
             The game lasted 03:20:35 (121830 turns).

ragingrage the Black Belt (Octopode Gladiator)    Turns: 121830, Time: 03:20:35

Health: -6/212     AC: 28    Str: 21    XL:     27
Magic:  45/45      EV: 42    Int: 34    God:    Gozag
Gold:   11783      SH:  0    Dex: 29    Spells: 2/62 levels left

rFire   + + .      SeeInvis +      - Unarmed
rCold   + + +      Faith    .    (shield currently unavailable)
rNeg    + + .      Spirit   .    (helmet currently unavailable)
rPois   ∞          Reflect  .    o - amulet "Hyqy" {rF+++ Regen+}
rElec   +          Harm     .    j - ring "Jaukhid" {rElec rPois rCorr Str-2 Int+6 SInv}
rCorr   +          Rampage  .    p - +4 ring of protection
Will    +++++      Archmagi +    y - ring of Ogotoria {Ice Drain rPois Will+++ Dex+3}
Stlth   ++++++                   r - ring of Foolhardiness {rN+ Will+ Stlth+}
HPRegen 1.35/turn                d - ring of Otiod {rC++ Str+3 Int+6 Dex+2 Slay-5}
MPRegen 0.29/turn                H - ring "Jiff" {Fly rN+ Int+3}
                                 g - ring "Fecioj" {Str+6 Dex+6 Stlth-}
                                 m - ring of the Mage {Wiz Archmagi}

@: brilliant, storm-form, wereblooded, frozen, blinkbolt cooldown, flying, very
slow
A: cleaving, insubstantial, flying, almost no armour, amphibious, 8 rings,
(camouflage 1), (gelatinous body 1), (nimble swimmer 1), (tentacles), mutation
resistance 1, robust 1, no potion heal 1, noise suppression
}: 7/15 runes: decaying, slimy, silver, abyssal, magical, dark, gossamer
a: Blinkbolt, End Transformation, Renounce Religion, Potion Petition, Call
Merchant, Bribe Branch


You were in Pandemonium.
You worshipped Gozag.
Gozag was extremely pleased with you.
You were a lightning-filled tempest!
You visited 10 branches of the dungeon, and saw 52 of its levels.
You visited Pandemonium 1 time, and saw 4 of its levels.
You visited the Abyss 1 time.
You visited 1 bazaar.
You also visited: Trove, Sewer, Bailey and Ice Cave.

You collected 36426 gold pieces.
You spent 9129 gold pieces at shops.
You paid 15514 gold pieces to Gozag.

Inventory:

Missiles
 U - 8 throwing nets
Armour
 f - a +2 hat (melded)
 x - a +3 buckler of protection (melded)
 O - a +2 tower shield of protection
Magical Staves
 b - a staff of air (melded)
Jewellery
 a - the ring of Virtue {+Blink Dex+6}
   (You found it in a treasure trove)

   [ring of dexterity]

   Dex:       It affects your dexterity (+6).
   +Blink:    It lets you blink.
 d - the ring of Otiod (on tentacle) {rC++ Str+3 Int+6 Dex+2 Slay-5}
   (You found it in a treasure trove)

   [ring of intelligence]

   Str:       It affects your strength (+3).
   Int:       It affects your intelligence (+6).
   Dex:       It affects your dexterity (+2).
   Slay:      It affects your accuracy & damage with ranged weapons and melee
   (-5).
   rC:        It greatly protects you from cold.
 g - the ring "Fecioj" (on tentacle) {Str+6 Dex+6 Stlth-}
   (You bought it in a shop on level 2 of the Depths)

   [ring of dexterity]

   Str:       It affects your strength (+6).
   Dex:       It affects your dexterity (+6).
   Stlth:     It makes you less stealthy.
 j - the ring "Jaukhid" (left tentacle) {rElec rPois rCorr Str-2 Int+6 SInv}
   (You bought it in a shop on level 2 of the Elven Halls)

   [ring of intelligence]

   Str:       It affects your strength (-2).
   Int:       It affects your intelligence (+6).
   rElec:     It insulates you from electricity.
   rPois:     It protects you from poison.
   SInv:      It lets you see invisible.
   rCorr:     It protects you from acid and corrosion.
 m - the ring of the Mage (on tentacle) {Wiz Archmagi}
   (You bought it in a shop in a bazaar)

   [ring of wizardry]

   It improves your spell success rate.
   Archmagi:  It increases the power of your magical spells.
 n - the ring of Vousawecse {rPois EV+5 Int+2}
   (You found it on level 5 of the Pits of Slime)

   [ring of evasion]

   EV:        It affects your evasion (+5).
   Int:       It affects your intelligence (+2).
   rPois:     It protects you from poison.
 o - the amulet "Hyqy" (around neck) {rF+++ Regen+}
   (You found it in a treasure trove)

   [amulet of regeneration]

   rF:        It renders you almost immune to fire.
   Regen:     It increases your rate of health regeneration.
 p - a +4 ring of protection (right tentacle)
 r - the ring of Foolhardiness (on tentacle) {rN+ Will+ Stlth+}
   (You took it off a deep elf high priest on level 3 of the Elven Halls)

   [ring of willpower]

   rN:        It protects you from negative energy.
   Will:      It increases your willpower.
   Stlth:     It makes you more stealthy.
 u - a ring of positive energy
 y - the ring of Ogotoria (on tentacle) {Ice Drain rPois Will+++ Dex+3}
   (You found it on level 1 of the Vaults)

   [ring of ice]

   It enhances your ice magic.
   Dex:       It affects your dexterity (+3).
   rF:        It makes you vulnerable to fire.
   rC:        It protects you from cold.
   rPois:     It protects you from poison.
   Drain:     It drains your maximum health when unequipped.
   Will:      It greatly increases your willpower.
 z - a ring of ice
 H - the ring "Jiff" (on tentacle) {Fly rN+ Int+3}
   (You bought it in a shop on level 10 of the Dungeon)

   [ring of flight]

   Int:       It affects your intelligence (+3).
   rN:        It protects you from negative energy.
   Fly:       It grants you flight.
Wands
 F - a wand of quicksilver (31)
 I - a wand of charming (26)
 T - a wand of iceblast (13)
 W - a wand of digging (16)
Scrolls
 e - 13 scrolls of magic mapping
 i - 19 scrolls of teleportation
 q - 9 scrolls of vulnerability
 v - 14 scrolls of fear
 L - 12 scrolls of fog
 R - 2 scrolls of butterflies
 Y - 10 scrolls of immolation
 Z - 4 scrolls of blinking
Potions
 h - 14 potions of curing
 l - 14 potions of attraction
 t - 7 potions of mutation
 A - 12 potions of might
 B - 7 potions of invisibility
 C - 11 potions of flight
 D - 10 potions of brilliance
 E - 7 potions of magic
 G - 9 potions of resistance
 J - 11 potions of haste
 K - 10 potions of lignification
 P - 4 potions of cancellation
 Q - 7 potions of heal wounds
 S - a potion of berserk rage
 X - 4 potions of ambrosia
Miscellaneous
 c - a phantom mirror (inert)
 k - a box of beasts
 s - a tin of tremorstones (2/2)
 w - a phial of floods
 M - a lightning rod (4/4)
 N - a condenser vane


   Skills:
 + Level 17.6 Fighting
 - Level 14.0 Short Blades
 - Level 2.0 Throwing
 + Level 15.0 Dodging
 - Level 13.0 Stealth
 - Level 4.0 Shields
 - Level 20.0 Unarmed Combat
 - Level 18.0 Spellcasting
 - Level 10.0 Conjurations
 - Level 4.0 Hexes
 - Level 5.0 Summonings
 - Level 14.0 Necromancy
 + Level 7.2 Translocations
 - Level 17.0 Transmutations
 + Level 16.0 Fire Magic
 - Level 7.0 Ice Magic
 - Level 17.0 Air Magic
 - Level 9.0 Poison Magic
 - Level 13.0 Evocations


You had 2 spell levels left.
You knew the following spells:

 Your Spells              Type           Power      Damage    Failure   Level
a - Storm Form            Tmut/Air       73%        N/A       1%          7
b - Wereblood             Tmut           100%       N/A       0%          2
c - Death Channel         Necr           68%        N/A       1%          6
d - Maxwell's Capacitive  Air            73%        ∞         2%          8
e - Irradiate             Conj/Tmut      67%        3d34      1%          5
f - Yara's Violent Unrav  Hex/Tmut       62%        3d23      1%          5
g - Disjunction           Tloc           55%        N/A       80%         8
h - Vhi's Electric Charg  Tloc/Air       100%       N/A       1%          3
i - Swiftness             Air            100%       N/A       0%          3
j - Passwall              Tmut/Erth      95%        N/A       1%          2
k - Ozocubu's Armour      Ice            100%       N/A       1%          3
l - Ignition              Fire           71%        3d19      4%          8

Your spell library contained the following spells:

 Spells                   Type           Power      Damage    Failure   Level
 Beastly Appendage        Tmut           100%       N/A       0%          1
 Foxfire                  Conj/Fire      100%       2x1d9     0%          1
 Kiss of Death            Conj/Necr      100%       2d13      0%          1
 Necrotise                Necr           100%       1d9       0%          1
 Sting                    Tmut/Pois      100%       1d8       0%          1
 Cigotuvi's Dreadful Rot  Necr/Pois/Air  100%       N/A       0%          2
 Poisonous Vapours        Pois/Air       100%       N/A       0%          2
 Scorch                   Fire           100%       2d10      0%          2
 Static Discharge         Conj/Air       100%       2-7/arc   0%          2
 Sublimation of Blood     Necr           100%       N/A       0%          2
 Apportation              Tloc           100%       N/A       1%          1
 Slow                     Hex            100%       N/A       1%          1
 Summon Small Mammal      Summ           100%       N/A       1%          1
 Call Imp                 Summ           98%        N/A       1%          2
 Ensorcelled Hibernation  Hex/Ice        100%       N/A       1%          2
 Lesser Beckoning         Tloc           100%       N/A       1%          2
 Momentum Strike          Conj/Tloc      100%       3d10      1%          2
 Ignite Poison            Fire/Tmut/Pois 100%       N/A       0%          3
 Spider Form              Tmut/Pois      100%       N/A       0%          3
 Airstrike                Air            73%        2d(11-27) 0%          4
 Call Canine Familiar     Summ           98%        N/A       1%          3
 Confusing Touch          Hex            92%        N/A       1%          3
 Gell's Gravitas          Tloc           100%       N/A       1%          3
 Hailstorm                Conj/Ice       100%       3d20      1%          3
 Inner Flame              Hex/Fire       100%       N/A       1%          3
 Mephitic Cloud           Conj/Pois/Air  100%       N/A       1%          3
 Portal Projectile        Hex/Tloc       100%       N/A       1%          3
 Stone Arrow              Conj/Erth      100%       3d13      1%          3
 Summon Guardian Golem    Hex/Summ       95%        N/A       1%          3
 Teleport Other           Tloc           100%       N/A       1%          3
 Tukima's Dance           Hex            92%        N/A       1%          3
 Anguish                  Hex/Necr       58%        N/A       1%          4
 Cause Fear               Hex            46%        N/A       1%          4
 Dispel Undead            Necr           100%       3d31      1%          4
 Flame Wave               Conj/Fire      100%       2d21      1%          4
 Ice Form                 Ice/Tmut       100%       N/A       1%          4
 Leda's Liquefaction      Hex/Erth       39%        N/A       1%          4
 Olgreb's Toxic Radiance  Pois           100%       N/A       1%          4
 Passage of Golubria      Tloc           100%       N/A       1%          4
 Petrify                  Tmut/Erth      100%       N/A       1%          4
 Sticky Flame             Conj/Fire      100%       2d11      1%          4
 Summon Ice Beast         Ice/Summ       100%       N/A       1%          4
 Summon Lightning Spire   Summ/Air       100%       N/A       1%          4
 Arcjolt                  Conj/Air       67%        1d77      1%          5
 Borgnjor's Vile Clutch   Necr/Erth      54%        N/A       1%          5
 Fireball                 Conj/Fire      66%        3d25      1%          5
 Freezing Cloud           Conj/Ice/Air   76%        6-21      1%          5
 Iskenderun's Battlesphe  Conj           100%       2d15      1%          5
 Lightning Bolt           Conj/Air       67%        1d92      1%          5
 Silence                  Hex/Air        62%        N/A       1%          5
 Summon Forest            Summ/Tloc      52%        N/A       1%          5
 Summon Mana Viper        Hex/Summ       95%        N/A       1%          5
 Conjure Ball Lightning   Conj/Air       67%        3x3d25    1%          6
 Starburst                Conj/Fire      66%        6d17      1%          6
 Dragon Form              Tmut           73%        N/A       1%          7
 Statue Form              Tmut/Erth      76%        N/A       2%          6
 Dispersal                Tloc           55%        N/A       3%          6
 Orb of Destruction       Conj           61%        9d15      6%          7
 Iron Shot                Conj/Erth      49%        9d9       9%          6
 Summon Cactus Giant      Summ           49%        N/A       9%          6
 Haunt                    Necr/Summ      60%        N/A       9%          7
 Infestation              Necr           68%        N/A       10%         8
 Lee's Rapid Deconstruct  Erth           31%        3d16*     13%         5
 Spellforged Servitor     Conj/Summ      55%        N/A       17%         7
 Ozocubu's Refrigeration  Ice            66%        4d22      22%         7
 Monstrous Menagerie      Summ           49%        N/A       43%         7
 Enfeeble                 Hex            46%        N/A       56%         7
 Lehudib's Crystal Spear  Conj/Erth      49%        10d12     98%         8
 Discord                  Hex            46%        N/A       99%         8
 Dragon's Call            Summ           49%        N/A       100%        9
 Polar Vortex             Ice            66%        N/A       100%        9
 Animate Dead             Necr           Unusable   N/A       N/A         4
 Simulacrum               Ice/Necr       Unusable   N/A       N/A         6

Dungeon Overview and Level Annotations

Branches:
Dungeon (15/15)            Temple (0/1) D:6            Lair (5/5) D:10
  Swamp (4/4) Lair:2       Spider (4/4) Lair:2        Slime (5/5) Lair:4
    Orc (2/2) D:11            Elf (3/3) Orc:2        Vaults (5/5) D:13
  Crypt (0/3) Vaults:3     Depths (4/4) D:15            Zot (5/5) Depths:4
  Sewer (visited)          Bailey (visited)           IceCv (visited)

Altars:
Dithmenos
Elyvilon
Gozag
Hepliaklqana
Kikubaaqudgha
Makhleb
Nemelex Xobeh
Okawaru
Qazlal
Ru
Sif Muna
Trog
Uskayaw
Vehumet
Wu Jian
Xom
The Shining One
Jiyva
Lugonu

Shops:
D:2 (   D:5 *   D:10 =   D:14 !   Orc:1 :?   Orc:2 *?*![(!   Elf:2 :[[=[
Lair:2 *   Lair:4 ?!   Depths:2 =!   Depths:3 :

Portals:
Hell: Depths:1 Depths:2 Depths:3 Depths:4
Abyss: Depths:3 Depths:4
Pandemonium: Depths:2
Ziggurat: Depths:4

Annotations:
Lair:3 exclusion: downstairs
Swamp:2 exclusions: downstairs and upstairs
Elf:2 exclusion: downstairs
Vaults:5 !
Depths:2 exclusion: downstairs
Pan Lom Lobon


Innate Abilities, Weirdness & Mutations

You are a lightning-filled tempest!
Your electrical attacks strike out in all directions at once.
You are incredibly evasive.
Your insubstantial body is immune to petrification, constriction, and being set on fire You are flying.
You are immune to poison.
Your armour is entirely melded.
You are incapable of wielding weapons or throwing items.
You cannot wear most types of armour.
You are amphibious.
You can wear up to eight rings at the same time.
((Your skin changes colour to match your surroundings (Stealth+).))
((Your rubbery body absorbs attacks. (AC +1, EV +1)))
((You are camouflaged when in or above water. (Stealth+)))
((You have tentacles for arms and can constrict up to eight enemies at once.))
You are somewhat resistant to further mutation.
You are robust. (+10% HP)
Potions are less effective at restoring your health.
You passively dampen the noise of your surroundings.


Message History

Charge where?
That's out of range!
Okay, then.
Casting: Vhi's Electric Charge (safe; 1% risk of failure) Charge where?
That's out of range!
Okay, then.
Casting: Vhi's Electric Charge (safe; 1% risk of failure) Charge where?
Aim: Lom Lobon (whirling frost, severely wounded, surrounded by a freezing vortex, encased in ice, ally target, 75% to hit)
Really charge into that cloud of whirling frost?
You feel a surge of power!
Really charge into that cloud of whirling frost?
You charge forward with an electric crackle!
You hit Lom Lobon. You punch Lom Lobon.
You are engulfed in whirling frost.
* * * LOW HITPOINT WARNING * * *
Lom Lobon is no longer encased in ice.
Lom Lobon gestures at you.
Lom Lobon conjures a mighty blast of ice!
The great icy blast engulfs you!! You partially resist.
* * * LOW HITPOINT WARNING * * *
You are encased in ice.
Lom Lobon completely misses Lom Lobon.
Okay, then. [a] - 580 gold - brilliance, magic, heal wounds and curing [b] - 377 gold - heal wounds and magic [c] - 240 gold - brilliance and magic Purchase which effect?
You feel clever all of a sudden. Magic courses through your body.
You feel much better.
You feel better.
You are engulfed in whirling frost.
* * * LOW HITPOINT WARNING * * *
The winds around Lom Lobon start to calm down.
* * * LOW HITPOINT WARNING * * *
The winds around Lom Lobon start to calm down.
Lom Lobon gestures at you.
Lom Lobon conjures a mighty blast of ice!
The great icy blast engulfs you!!! You partially resist.
You die...
Your body crumbles into a pile of gold.

#≈.≈..≈..≈# #≈. #≈.≈[.≈..≈#
##≈≈## #≈. #≈.≈..≈..≈#
###≈≈≈≈≈≈### #≈. #≈.≈..≈..≈#
##≈≈≈....≈≈≈# #≈. #≈.≈..≈..≈#
##§§§§§§§§☼§≈° #≈. #≈.≈..≈..≈#
#§§§§§☼§§§§.○° #≈.
#≈.≈..≈..≈###§§§§§§§§§☼§○. #≈.
#≈.≈..≈..≈##§§§°§§§§○○§§..≈≈##≈.
#≈.≈..≈..≈##☼§§v§§§§§§§§○..≈##≈.
#≈.≈..≈..###§○§§§&○☼§§§○○○.≈###.
#≈.≈.≈≈..# #§§§§&§§§§§§☼☼°☼≈# #.
#≈.≈≈≈..## #☼°§§°§§☼§§§§☼.☼.# ##
#≈.≈≈...# #§☼§§§§§§§§§§°.☼.# #
#≈.....## #○§§§§§§§§§§○☼.§.# #
##.....## #§§§§§§§☼§§§.°°§.# #
#......## #§§§§○§§§§°§.°○☼.# ##
##......###......[...○.....###.


You could see Lom Lobon (gusty, ally target) and the friendly Lom Lobon
(summoned, gusty, drained).

Vanquished Creatures
  the Royal Jelly (Slime:5)
  Gloorx Vloq (Pan)
  Ignacio (Pan)
  6 dread liches
  7 ancient liches
  2 juggernauts (Depths:3)
  Mennas (Pan)
  5 orbs of fire
  Vv (Depths:3)
  the Lernaean hydra (Swamp:4)
  6 Killer Klowns
  Margery (Depths:4)
  4 golden dragons
  A curse toe (Zot:5)
  3 bone dragons (Abyss:3)
  2 electric golems (Zot:5)
  Arachne (Spider:3)
  2 pandemonium lords (Pan)
  A Brimstone Fiend (Pan)
  A Hell Sentinel (Abyss:3)
  Zenata (Elf:2)
  The ghost of hikkokomori the Warrior, an adept GrEE of Gozag (Vaults:1)
  A walking crystal tome (Depths:3)
  An Ice Fiend (Pan)
  Rupert (Orc:2)
  Asterion (Spider:2)
  19 Orb Guardians (Zot:5)
  12 tentacled monstrosities
  7 titans
  5 liches
  A walking divine tome (Depths:3)
  2 walking earthen tomes (Depths:3)
  2 deep elf master archers (Elf:3)
  8 quicksilver dragons
  3 deep elf blademasters
  5 sphinxes
  17 acid blobs
  5 death cobs
  10 Executioners (Pan)
  2 thorn hunters
  4 tengu reavers
  7 tentacled starspawn (Abyss:3)
  22 storm dragons
  9 shadow dragons
  A draconian monk (Zot:2)
  10 azure jellies
  Roxanne (Elf:3)
  8 rockslimes
  2 draconian scorchers (Zot:2)
  10 fire giants
  4 emperor scorpions
  10 deep elf sorcerers
  Louise (Elf:3)
  A ghost moth (shapeshifter) (Vaults:5)
  Aizul (Elf:3)
  2 curse skulls (Pan)
  9 frost giants
  3 iron dragons
  2 draconian knights (Zot:2)
  5 spectral caustic shrikes (Depths:4)
  20 vault wardens
  6 deep elf elementalists (Elf:3)
  3 draconian stormcallers
  3 balrugs
  4 draconian shifters
  3 cacodemons
  A ghoul (Swamp:3)
  A spriggan defender (Depths:3)
  18 ironbound preservers
  2 broodmothers (Spider:4)
  8 ghost moths
  2 demonspawn blood saints (Pan)
  2 demonspawn corrupters (Pan)
  4 draconian annihilators
  A reaper (IceCv)
  2 war gargoyles (Vaults:5)
  16 quicksilver oozes
  2 orc warlords (Depths:4)
  A juggernaut skeleton (Pan)
  The ghost of Pixtaico the Unseen, an adept FeNe of Elyvilon (Vaults:4)
  14 stone giants
  8 ironbound thunderhulks
  A vampire knight (Depths:1)
  11 green draconians
  6 black draconians
  30 very ugly things
  3 eleionomae
  3 lorocyprocas
  Azrael (Spider:2)
  7 deep elf annihilators
  8 deep elf demonologists
  14 dire elephants
  14 red draconians
  8 white draconians
  2 yellow draconians
  6 spark wasps
  38 starcursed masses
  9 bunyips
  12 purple draconians
  6 deep elf death magi (Elf:3)
  4 blizzard demons (Pan)
  Snorg (D:11)
  15 green deaths
  7 deep elf high priests
  12 ettins
  4 entropy weavers
  4 jiangshi
  A merfolk javelineer (Abyss:3)
  13 fire dragons
  14 yaktaur captains
  A shambling mangrove (Swamp:2)
  4 rakshasas
  14 great orbs of eyes
  2 jorogumos
  11 ice dragons
  18 hydras
  2 hell beasts (Pan)
  39 vault guards
  4 ogre magi (Orc:2)
  A hydra (shapeshifter) (Depths:3)
  2 anacondas (shapeshifter)
  7 spriggan air magi
  A radroach (Spider:1)
  5 centaur warriors
  4 ghost crabs
  A catoblepas (Lair:1)
  A merfolk aquamancer (D:14)
  11 ironbound frosthearts
  12 two-headed ogres
  24 dancing weapons
  Erica (D:9)
  7 boulder beetles
  7 alligators
  9 deep troll shamans
  6 death yaks (Lair:4)
  7 deep troll earth magi
  8 tengu warriors
  A hell hog (Abyss:3)
  2 titan zombies
  8 spriggan berserkers
  An orc high priest (Elf:1)
  3 thrashing horrors (Abyss:3)
  A skyshark (Lair:3)
  13 hell knights
  17 deep elf knights
  6 soul eaters
  16 sun demons
  2 vampire magi
  6 pharaoh ants
  3 shadow wraiths (Pan)
  6 wretched stars
  Lodul (D:10)
  5 iron trolls
  5 sixfirhies
  A shadow demon (Pan)
  5 goliath frogs
  11 glowing orange brains
  A spectral hydra (Lair:2)
  3 spriggan druids
  A sun moth (Spider:2)
  49 deep trolls
  14 swamp dragons
  9 orb spiders
  An obsidian statue (Vaults:1)
  A flayed ghost (Depths:2)
  3 bog bodies
  A swamp dragon (shapeshifter) (Vaults:3)
  An orange crystal statue (Depths:1)
  14 deep elf archers
  An orb spider (shapeshifter) (Elf:3)
  3 steelbarb worms
  14 ironbound convokers
  A lindwurm (Vaults:2)
  Pikel (D:9)
  2 phantasmal warriors (Vaults:5)
  2 mana vipers (shapeshifter)
  4 orc knights (Depths:4)
  20 wizards
  32 deep elf zephyrmancers
  6 necromancers
  An oklob plant (Lair:4)
  27 wolf spiders
  3 cyclopes
  53 ugly things
  25 deep elf pyromancers
  26 large abominations
  4 manticores
  A sphinx zombie (Depths:2)
  5 orc sorcerers
  A manticore (shapeshifter) (Depths:4)
  8 shining eyes
  A worldbinder (Abyss:3)
  A salamander (Depths:1)
  3 will-o-the-wisps
  24 moths of wrath
  18 vault sentinels
  An apocalypse crab (Abyss:3)
  13 elephants
  A moth of wrath (shapeshifter) (Elf:2)
  2 ice statues (IceCv)
  2 black mambas
  3 torpor snails
  2 water nymphs (D:15)
  3 guardian serpents
  A rust devil (Pan)
  2 black mambas (shapeshifter)
  21 demonic crawlers
  25 smoke demons
  9 orange demons
  4 eyes of devastation
  3 gargoyles
  7 cane toads
  2 rime drakes
  5 hellions (Pan)
  32 yaktaurs
  A komodo dragon (shapeshifter) (D:14)
  A yaktaur (shapeshifter) (Depths:3)
  A rime drake (shapeshifter) (Elf:1)
  3 efreet
  3 freezing wraiths
  8 komodo dragons
  3 unseen horrors (D:11)
  6 tormentors (Pan)
  3 ancient zymes
  A queen bee (shapeshifter) (Elf:1)
  3 tengu conjurers
  3 meliai (Spider:3)
  6 trolls
  10 ice devils
  13 wind drakes (Pan)
  A bloated husk (Swamp:1)
  13 tyrant leeches
  18 hellwings
  31 tarantellas
  5 red devils
  13 polar bears
  15 hornets
  8 raiju
  A fire giant simulacrum (Depths:2)
  A raiju (shapeshifter) (D:15)
  A harpy skeleton (Abyss:3)
  5 dream sheep (Lair:5)
  A dream sheep (shapeshifter) (Vaults:5)
  15 blink frogs
  19 culicivoras
  35 jumping spiders
  A jumping spider (shapeshifter) (Abyss:3)
  3 air elementals
  A slime creature (shapeshifter) (Vaults:5)
  103 slime creatures
  8 water elementals
  A flying skull (Abyss:3)
  A fire bat (Abyss:3)
  2 dire elephant simulacra (IceCv)
  13 ynoxinuls (Pan)
  25 spriggans
  2 wraiths
  A shadow (D:13)
  Eustachio (D:5)
  66 yaks
  3 wyverns
  18 golden eyes
  7 neqoxecs
  7 vampire mosquitoes
  10 chaos spawn
  7 fire elementals
  4 basilisks
  41 redbacks
  16 swamp worms
  2 wargs (Orc:2)
  3 acid dragons
  4 hell hounds (Abyss:3)
  18 water moccasins
  3 floating eyes
  8 swamp drakes
  2 ice beasts (D:10)
  A sky beast (D:6)
  7 black bears
  19 orc warriors
  The ghost of GiantSquids the Chopper, an amateur MiBe of Trog (D:3)
  28 ogres
  44 wolves
  7 boggarts
  9 small abominations
  3 centaurs
  A phantom (D:5)
  3 lemures (D:9)
  5 kobold brigands
  9 bullfrogs
  4 necrophages
  2 two-headed ogre simulacra (IceCv)
  10 gnoll sergeants
  A cane toad simulacrum (IceCv)
  10 earth elementals
  A wyvern zombie (D:3)
  9 scorpions
  14 wights
  6 killer bees (D:9)
  2 spectral wolves (Lair:2)
  7 electric eels
  6 spriggan skeletons
  5 howler monkeys
  An elephant simulacrum (IceCv)
  A troll skeleton (D:12)
  2 bullfrog zombies (D:3)
  2 quasits (Abyss:3)
  5 hounds
  13 jellies
  17 orc priests
  8 gnoll boudas
  An iron imp (Abyss:3)
  Terence (D:2)
  8 iguanas
  21 orc wizards
  4 polar bear simulacra (IceCv)
  3 spriggan simulacra (IceCv)
  A troll simulacrum (IceCv)
  A wolf simulacrum (IceCv)
  Robin (D:2)
  2 naga simulacra (IceCv)
  10 adders
  28 gnolls
  7 white imps
  6 ufetubi
  A worm (D:4)
  A dart slug (D:1)
  61 orcs
  12 endoplasms
  11 giant cockroaches
  18 goblins
  14 hobgoblins
  6 jackals
  17 kobolds
  13 quokkas
  15 ball pythons
  5 bats
  11 frilled lizards
  4 rats
  6 briar patches (Abyss:3)
  A lurking horror (Abyss:3)
  7 starspawn tentacles (Abyss:3)
2673 creatures vanquished.

Vanquished Creatures (collateral kills)
  A dread lich (Zot:5)
  An orb of fire (Zot:2)
  Nikola (Spider:1)
  A golden dragon (Zot:5)
  6 Orb Guardians (Zot:5)
  A lich (Pan)
  2 acid blobs (Slime:5)
  An Executioner (Pan)
  A fenstrider witch (Swamp:3)
  An azure jelly (Slime:2)
  A rockslime (Slime:2)
  A balrug (Pan)
  A draconian annihilator (Pan)
  A broodmother (Spider:4)
  A draconian stormcaller (Zot:5)
  An eleionoma (Swamp:1)
  A green draconian (Zot:5)
  A white draconian (Zot:5)
  A purple draconian (Zot:2)
  A bunyip (Swamp:1)
  2 red draconians (Zot:5)
  2 yellow draconians (Zot:5)
  A blizzard demon (Pan)
  A great orb of eyes (Slime:2)
  An ice dragon (D:15)
  A spriggan skeleton (Pan)
  3 two-headed ogres
  A soul eater (Pan)
  A spriggan berserker (Swamp:3)
  A sun demon (Pan)
  A sun moth (Spider:4)
  2 shadow wraiths (Pan)
  3 swamp dragons
  A steelbarb worm (Spider:1)
  A worldbinder (Abyss:3)
  A manticore (D:14)
  4 moths of wrath
  2 demonic crawlers (Pan)
  A smoke demon (Pan)
  An efreet (D:14)
  A hellwing (Pan)
  3 wind drakes (Pan)
  A tyrant leech (Swamp:1)
  A raiju (Abyss:3)
  10 slime creatures
  A jumping spider (Spider:2)
  2 yaks
  3 ynoxinuls (Pan)
  3 large abominations (Pan)
  A spriggan (Swamp:4)
  5 golden eyes
  2 chaos spawn (Pan)
  3 small abominations (Abyss:3)
  An orc warrior (Orc:2)
  2 ogres (Orc:2)
  A kobold brigand (D:11)
  2 gnoll sergeants (D:11)
  An orc priest (Orc:2)
  4 orc wizards
  14 orcs
118 creatures vanquished.

Vanquished Creatures (others)
  A tentacled monstrosity (Zot:5)
  A blizzard demon (Pan)
  A rakshasa (Pan)
  A hydra (Swamp:4)
  A vault guard (Vaults:5)
  A spriggan air mage (Pan)
  A deep elf knight (Elf:1)
  4 ball lightnings (Pan)
  4 foxfires
  40 fungi
  A lurking horror (Abyss:1)
  88 plants
  16 starspawn tentacles
160 creatures vanquished.

Grand Total: 2951 creatures vanquished

Notes
Turn   | Place    | Note
-------+----------+-------------------------------------------
     0 | D:1      | ragingrage the Octopode Gladiator began the quest for the
                  | Orb.
     0 | D:1      | Reached XP level 1. HP: 14/14 MP: 1/1
     6 | D:1      | Reached skill level 1 in Stealth
   202 | D:1      | Reached XP level 2. HP: 19/19 MP: 2/2
   410 | D:1      | Reached XP level 3. HP: 22/24 MP: 3/3
   633 | D:1      | Found a faded altar of an unknown god.
  1272 | D:2      | Noticed Terence
  1295 | D:2      | Noticed Robin
  1335 | D:2      | Killed Robin
  1336 | D:2      | Reached XP level 4. HP: 29/29 MP: 4/4
  1402 | D:2      | Reached skill level 1 in Shields
  1497 | D:2      | Killed Terence
  1599 | D:2      | Found Uddoik's Weapon Shoppe.
  1768 | D:2      | Reached XP level 5. HP: 32/34 MP: 5/5
  2241 | D:2      | Bought a +1 rapier of flaming for 184 gold pieces
  2315 | D:3      | Found a transporter.
  2317 | D:3      | Noticed GiantSquids's ghost (amateur MiBe)
  2564 | D:3      | Found a transporter.
  2839 | D:4      | Found a hazy altar of Hepliaklqana.
  2892 | D:4      | Learned a level 1 spell: Beastly Appendage
  2895 | D:4      | Learned a level 2 spell: Wereblood
  3196 | D:4      | Found a glowing golden altar of the Shining One.
  3424 | D:5      | Entered Level 5 of the Dungeon
  3424 | D:5      | Found an opulent altar of Gozag.
  3425 | D:5      | Found Gozag's Platinum Reserve.
  3426 | D:5      | Noticed a phantom
  3433 | D:5      | Killed a phantom
  3434 | D:5      | Reached skill level 5 in Short Blades
  3434 | D:5      | Reached XP level 6. HP: 39/39 MP: 6/6
  3474 | D:5      | Found a shimmering altar of Xom.
  3580 | D:5      | You fall into a shaft and drop 2 floors!
  3722 | D:6      | Found a bloodstained altar of Trog.
  3722 | D:6      | Noticed a black bear
  3723 | D:6      | Noticed a black bear
  3736 | D:6      | Killed a black bear
  3740 | D:6      | Killed a black bear
  3741 | D:6      | Reached skill level 5 in Stealth
  3741 | D:6      | Reached XP level 7. HP: 39/45 MP: 7/7
  3784 | D:6      | Found a staircase to the Ecumenical Temple.
  3907 | D:6      | Found a glowing drain.
  3918 | Sewer    | Entered a sewer
  4177 | D:6      | Reached XP level 8. HP: 50/50 MP: 8/8
  4606 | D:5      | Found a white marble altar of Elyvilon.
  4617 | D:5      | Reached skill level 5 in Dodging
  4660 | D:5      | Became a worshipper of Gozag Ym Sagoz the Greedy
  5106 | D:6      | Found a burning altar of Makhleb.
  5322 | D:5      | Noticed Eustachio
  5324 | D:5      | Found a shadowy altar of Dithmenos.
  5390 | D:5      | Found a hide-covered altar of Uskayaw.
  5660 | D:5      | Found an iron altar of Okawaru.
  6252 | D:5      | Reached XP level 9. HP: 51/54 MP: 9/9
  6366 | D:5      | Learned a level 4 spell: Airstrike
  6588 | D:7      | Reached skill level 10 in Short Blades
  6588 | D:7      | Reached skill level 1 in Air Magic
  7361 | D:8      | Found a sparkling altar of Nemelex Xobeh.
  7460 | D:8      | Noticed a two-headed ogre
  8009 | D:7      | Found a radiant altar of Vehumet.
  8034 | D:7      | Found an ornate altar of the Wu Jian Council.
  8193 | D:7      | Reached XP level 10. HP: 63/63 MP: 10/10
  8418 | D:7      | Found an ornate altar of the Wu Jian Council.
  8454 | D:7      | Found a radiant altar of Vehumet.
  9009 | D:5      | Killed Eustachio
  9142 | D:8      | Killed a two-headed ogre
  9143 | D:8      | Reached skill level 5 in Air Magic
  9220 | D:8      | Found a shimmering blue altar of Sif Muna.
  9813 | D:9      | Found a sacrificial altar of Ru.
 10130 | D:9      | Found a stormy altar of Qazlal.
 10131 | D:9      | Noticed Erica
 10406 | D:10     | Entered Level 10 of the Dungeon
 10466 | D:10     | Reached skill level 5 in Fighting
 10656 | D:10     | Found a flagged portal.
 10678 | Bailey   | Entered a bailey
 10777 | Bailey   | Reached XP level 11. HP: 71/71 MP: 11/11
 11859 | D:10     | Found a staircase to the Lair.
 11893 | D:10     | Reached skill level 1 in Evocations
 12019 | D:9      | Noticed Pikel
 12052 | D:9      | Killed Pikel
 12452 | D:9      | Identified the +1 leather armour of Pan-Flutes {Drain rF-
                  | rN++ Dex+4}
 12470 | D:9      | Identified the +7 chain mail of the Apothecary {Rampage
                  | SInv}
 12706 | D:9      | Killed Erica
 13340 | D:10     | Noticed Lodul
 13637 | D:10     | Killed Lodul
 14355 | D:10     | Noticed a two-headed ogre
 14355 | D:10     | Noticed a two-headed ogre
 14378 | D:10     | Killed a two-headed ogre
 14379 | D:10     | Reached skill level 5 in Evocations
 14379 | D:10     | Reached XP level 12. HP: 77/77 MP: 12/12
 14577 | Lair:1   | Entered Level 1 of the Lair of Beasts
 14598 | D:10     | Bought a ring of poison resistance for 300 gold pieces
 15225 | Lair:1   | Noticed a catoblepas
 15719 | Lair:2   | Found a hole to the Spider Nest.
 16473 | Lair:2   | Learned a level 4 spell: Summon Lightning Spire
 16629 | Lair:2   | Found a staircase to the Swamp.
 16629 | Lair:2   | Noticed a ghost crab
 16629 | Lair:2   | Noticed a ghost crab
 16912 | Lair:2   | Reached skill level 1 in Summonings
 17211 | Lair:3   | Noticed an eight-headed hydra
 17452 | Lair:3   | Killed an eight-headed hydra
 17453 | Lair:3   | Reached skill level 10 in Air Magic
 18188 | Lair:1   | Killed a catoblepas
 18189 | Lair:1   | Reached skill level 1 in Spellcasting
 18367 | Lair:1   | Reached XP level 13. HP: 63/81 MP: 3/15
 21685 | Lair:4   | Reached skill level 5 in Summonings
 22605 | Lair:4   | Found a staircase to the Slime Pits.
 24637 | Lair:4   | Reached skill level 10 in Dodging
 25142 | Lair:5   | Entered Level 5 of the Lair of Beasts
 25496 | Lair:5   | Reached XP level 14. HP: 89/89 MP: 2/20
 26611 | Lair:4   | Reached skill level 5 in Spellcasting
 29126 | Lair:4   | Learned a level 4 spell: Olgreb's Toxic Radiance
 29367 | Lair:5   | Reached skill level 1 in Poison Magic
 29637 | Lair:5   | Reached skill level 10 in Stealth
 31215 | D:10     | Bought the ring "Jiff" {Fly rN+ Int+3} for 525 gold pieces
 32129 | D:11     | Noticed Snorg
 32400 | D:11     | Killed Snorg
 33374 | D:11     | Found a staircase to the Orcish Mines.
 33722 | D:12     | Learned a level 3 spell: Summon Guardian Golem
 33738 | D:12     | Learned a level 5 spell: Lightning Bolt
 33782 | D:12     | Found a frozen archway.
 33826 | D:12     | Reached skill level 1 in Transmutations
 33898 | IceCv    | Entered an ice cave
 34299 | IceCv    | Reached skill level 1 in Hexes
 34622 | IceCv    | Reached XP level 15. HP: 42/101 MP: 18/22
 34821 | IceCv    | Reached skill level 1 in Conjurations
 37038 | IceCv    | Identified a scroll of acquirement
 37038 | IceCv    | Acquired Quhacsoh's Vellum of the Overcast Gathering
 37619 | Orc:1    | Entered Level 1 of the Orcish Mines
 37619 | Orc:1    | Found Seafur's Book Shoppe.
 37619 | Orc:1    | You are sucked into a shaft and drop 1 floor!
 37619 | Orc:2    | Entered Level 2 of the Orcish Mines
 37695 | Orc:2    | Reached skill level 5 in Conjurations
 38191 | Orc:2    | Noticed Rupert
 38203 | Orc:2    | Killed Rupert
 39432 | Orc:2    | Found Lauwn's Armour Boutique.
 39844 | Orc:2    | Found Couhehiad's Distillery.
 39844 | Orc:2    | Found Kedahuf's Magic Scroll Emporium.
 39844 | Orc:2    | Found Xuumnitzo's General Store.
 39844 | Orc:2    | Found Jicvo's General Store.
 39851 | Orc:2    | Bought a potion of heal wounds for 55 gold pieces
 39852 | Orc:2    | Bought a scroll of teleportation for 42 gold pieces
 39854 | Orc:2    | Bought a scroll of vulnerability for 64 gold pieces
 39899 | Orc:2    | Found a staircase to the Elven Halls.
 40030 | Orc:2    | Found Kuqeg's Antique Weapon Boutique.
 40168 | Orc:2    | Found Viuzor's Distillery.
 40176 | Orc:2    | Bought a potion of invisibility for 104 gold pieces
 40176 | Orc:2    | Bought a potion of might for 52 gold pieces
 40176 | Orc:2    | Bought a potion of resistance for 130 gold pieces
 40176 | Orc:2    | Bought a potion of cancellation for 104 gold pieces
 41038 | Orc:1    | Found Balykal's Magic Scroll Shop.
 41041 | Orc:1    | Bought a scroll of blinking for 120 gold pieces
 41041 | Orc:1    | Bought a scroll of fear for 64 gold pieces
 41061 | Orc:1    | Found a bloodstained altar of Trog.
 43671 | D:14     | Found Butsilu's Distillery.
 43832 | D:15     | Entered Level 15 of the Dungeon
 44963 | D:14     | Bought a potion of magic for 144 gold pieces
 44963 | D:14     | Bought a potion of haste for 180 gold pieces
 44963 | D:14     | Bought a potion of invisibility for 144 gold pieces
 46089 | D:15     | Found a staircase to the Depths.
 46914 | Swamp:1  | Entered Level 1 of the Swamp
 47046 | Swamp:1  | Reached XP level 16. HP: 108/108 MP: 8/25
 47875 | Swamp:2  | Learned a level 5 spell: Freezing Cloud
 47988 | Swamp:2  | Reached skill level 1 in Ice Magic
 49011 | Swamp:3  | Found an ancient bone altar of Kikubaaqudgha.
 49614 | Swamp:3  | Noticed a fenstrider witch
 50136 | Swamp:3  | Noticed a thorn hunter
 50270 | Swamp:3  | Killed a thorn hunter
 50900 | Swamp:2  | Reached skill level 5 in Ice Magic
 53838 | Swamp:3  | Reached skill level 10 in Fighting
 54010 | Swamp:4  | Entered Level 4 of the Swamp
 54763 | Swamp:3  | Paralysed by a fenstrider witch for 5 turns
 54763 | Swamp:3  | Killed a fenstrider witch
 55929 | Swamp:4  | Reached XP level 17. HP: 106/115 MP: 1/29
 56195 | Swamp:4  | Reached skill level 5 in Poison Magic
 56915 | Swamp:4  | Acquired an Everburning Encyclopedia
 58497 | Swamp:4  | Noticed the 27-headed Lernaean hydra
 59785 | Swamp:4  | Killed the 27-headed Lernaean hydra
 60034 | Swamp:4  | Got a decaying rune of Zot
 60098 | Swamp:3  | Learned a level 5 spell: Irradiate
 60229 | Spider:1 | Entered Level 1 of the Spider Nest
 62324 | Spider:1 | Identified the +5 short sword "Akobbou" {venom, rN+ Int+2}
 62434 | Spider:1 | Noticed Nikola
 62444 | Spider:1 | Killed Nikola
 63009 | Lair:1   | Reached skill level 5 in Transmutations
 63339 | Spider:2 | Noticed Asterion
 63350 | Spider:2 | Killed Asterion
 65450 | Spider:3 | Noticed Azrael
 65469 | Spider:2 | Killed Azrael
 65470 | Spider:2 | Reached XP level 18. HP: 62/120 MP: 2/30
 66152 | Spider:3 | Noticed Arachne
 66867 | Spider:3 | Reached skill level 10 in Transmutations
 67301 | Spider:3 | Killed Arachne
 68616 | Spider:4 | Entered Level 4 of the Spider Nest
 71698 | Orc:1    | Bought Ozocubu's Autobiography for 384 gold pieces
 71702 | Orc:1    | Learned a level 3 spell: Ozocubu's Armour
 72232 | Spider:4 | Got a gossamer rune of Zot
 72779 | Elf:1    | Entered Level 1 of the Elven Halls
 73104 | Elf:1    | Reached skill level 10 in Conjurations
 74008 | Elf:1    | Got the Compendium of Axaxaxas mlö
 74013 | Elf:1    | Learned a level 3 spell: Swiftness
 74316 | Elf:1    | Got the Almanac of Dhcmrlchtdj
 74328 | Elf:1    | Got the Anthology of Plaster Cramp
 74407 | Elf:1    | Found a radiant altar of Vehumet.
 74826 | Elf:1    | Reached XP level 19. HP: 126/128 MP: 23/32
 76347 | Elf:2    | Found Muxot's Armour Boutique.
 77162 | Elf:2    | Found a portal to a secret trove of treasure.
 77623 | Elf:2    | Found a runed translucent gate.
 77623 | Elf:2    | Found a runed translucent gate.
 77623 | Elf:2    | Found a runed translucent gate.
 77794 | Elf:2    | Found Edinain's Armour Boutique.
 77810 | Elf:2    | Reached skill level 10 in Spellcasting
 78437 | Elf:2    | Found Tenniacruo's Jewellery Boutique.
 78437 | Elf:2    | Found Zicrocwi's Book Shop.
 78486 | Elf:2    | Found Kizuonk's Antique Armour Shop.
 78499 | Elf:2    | Bought a book of the Sky for 748 gold pieces
 78499 | Elf:2    | Bought a book of Burglary for 340 gold pieces
 78508 | Elf:2    | Bought the ring "Jaukhid" {rElec rPois rCorr Str-2 Int+6
                  | SInv} for 897 gold pieces
 78657 | Elf:3    | Entered Level 3 of the Elven Halls
 78657 | Elf:3    | Noticed Aizul
 78657 | Elf:3    | Noticed Louise
 80057 | Elf:3    | Noticed Roxanne
 80138 | Elf:3    | Killed Roxanne
 80524 | Elf:3    | Learned a level 2 spell: Passwall
 80559 | Elf:3    | Killed Louise
 80563 | Elf:3    | Killed Aizul
 82390 | Elf:3    | Identified the +4 short sword of the Revolution {heavy,
                  | rN++}
 82972 | Elf:3    | Identified the +6 mace of Agony {flame, rF++ Int+3 Stlth+}
 84837 | Elf:3    | Identified the ring of Foolhardiness {rN+ Will+ Stlth+}
 84837 | Elf:3    | Identified the amulet "Tiajimubuy" {rN+ Will+ Regen+ Str+6
                  | Dex-3}
 85070 | Elf:3    | Reached XP level 20. HP: 135/135 MP: 33/35
 85280 | Elf:3    | Got Meob's Catalogue of the Shot
 85283 | Elf:3    | Found the +6 arbalest "Damnation" {damnation}
 85485 | Elf:3    | Got the Elucidation of the Chthonic Dose
 85807 | Orc:2    | Bought a scroll of amnesia for 64 gold pieces
 85979 | Lair:2   | Bought a scroll of amnesia for 144 gold pieces
 85979 | Lair:2   | Bought a scroll of teleportation for 108 gold pieces
 85987 | Lair:2   | Learned a level 7 spell: Storm Form
 86934 | D:13     | Reached skill level 1 in Unarmed Combat
 87469 | D:13     | Reached skill level 2 in Unarmed Combat
 87802 | D:13     | Identified the +0 trident "Ohaodyna" {vamp, rF+}
 87822 | D:13     | Found a gate to the Vaults.
 87990 | D:14     | Reached skill level 3 in Unarmed Combat
 88315 | Vaults:1 | Entered Level 1 of the Vaults
 88428 | Vaults:1 | Reached skill level 4 in Unarmed Combat
 88669 | Vaults:1 | Reached skill level 5 in Unarmed Combat
 89209 | Vaults:1 | Reached skill level 6 in Unarmed Combat
 89537 | Vaults:1 | Found a transporter.
 89551 | Vaults:1 | Found a transporter.
 89673 | Vaults:1 | Found a runed translucent gate.
 89673 | Vaults:1 | Found an ancient bone altar of Kikubaaqudgha.
 89673 | Vaults:1 | Found a runed translucent gate.
 89673 | Vaults:1 | Found a runed translucent gate.
 89673 | Vaults:1 | Noticed an ancient lich
 89673 | Vaults:1 | Noticed a dread lich
 89674 | Vaults:1 | Noticed hikkokomori's ghost (adept GrEE)
 90067 | Vaults:2 | Reached skill level 7 in Unarmed Combat
 90230 | Vaults:2 | Learned a level 5 spell: Yara's Violent Unravelling
 90561 | Vaults:2 | Reached skill level 15 in Air Magic
 90677 | Vaults:2 | Reached skill level 8 in Unarmed Combat
 90954 | Vaults:2 | Reached XP level 21. HP: 71/140 MP: 29/36
 91170 | Vaults:2 | Identified the +9 ring mail of Courage {-Tele rElec Str-4
                  | Int+5}
 91561 | Vaults:3 | Reached skill level 9 in Unarmed Combat
 91766 | Vaults:3 | Reached skill level 10 in Unarmed Combat
 92111 | Vaults:3 | Reached skill level 15 in Transmutations
 92190 | Vaults:3 | Reached skill level 11 in Unarmed Combat
 92452 | Vaults:3 | Found a staircase to the Crypt.
 92527 | Vaults:3 | Found a transporter.
 92544 | Vaults:3 | Found a transporter.
 92575 | Vaults:3 | Reached skill level 12 in Unarmed Combat
 93441 | Vaults:4 | Reached skill level 13 in Unarmed Combat
 93833 | Vaults:4 | Reached XP level 22. HP: 141/146 MP: 29/37
 93934 | Vaults:4 | Reached skill level 14 in Unarmed Combat
 94037 | Vaults:4 | Found a runed translucent gate.
 94037 | Vaults:4 | Found a runed translucent gate.
 94037 | Vaults:4 | Found a runed translucent gate.
 94037 | Vaults:4 | Noticed Pixtaico's ghost (adept FeNe)
 94811 | Orc:2    | Bought a potion of curing for 33 gold pieces
 94811 | Orc:2    | Bought a potion of curing for 33 gold pieces
 94840 | Orc:2    | Bought a potion of curing for 39 gold pieces
 94960 | Elf:2    | You paid a toll of 18 potions of curing to enter a treasure
                  | trove
 94961 | Trove    | Entered a treasure trove
 94967 | Trove    | Identified the ring of Otiod {rC++ Str+3 Int+6 Dex+2
                  | Slay-5}
 94971 | Trove    | Identified the amulet "Xebad" {Regen+ Str+2}
 94977 | Trove    | Identified the amulet "Hyqy" {rF+++ Regen+}
 94986 | Trove    | Identified the ring of Virtue {+Blink Dex+6}
 94988 | Trove    | Identified the ring of Nobility {Fly SInv}
 95502 | Depths:1 | Entered Level 1 of the Depths
 95592 | Depths:1 | Found a gateway to Hell.
 95602 | Depths:1 | Paralysed by a floating eye for 2 turns
 96306 | Depths:2 | Found Habukl Wucuw's Jewellery Shoppe.
 96317 | Depths:2 | Bought the ring "Fecioj" {Str+6 Dex+6 Stlth-} for 975 gold
                  | pieces
 96379 | Depths:2 | Found Xaunyjuk's Distillery.
 96415 | Depths:2 | Bought a potion of curing for 54 gold pieces
 96530 | Depths:2 | Reached skill level 10 in Evocations
 96560 | Depths:2 | Found a flickering gateway to a bazaar.
 96600 | Bazaar   | Entered a bazaar
 96617 | Bazaar   | Found Xasuont's General Store.
 96625 | Bazaar   | Bought a wand of charming (4) for 86 gold pieces
 96625 | Bazaar   | Bought a scroll of teleportation for 27 gold pieces
 96626 | Bazaar   | Found Lotoramo's General Store.
 96634 | Bazaar   | Bought a box of beasts for 560 gold pieces
 96635 | Bazaar   | Found Fodups's General Store.
 96638 | Bazaar   | Found Geggif's Antique Weapon Boutique.
 96640 | Bazaar   | Bought the ring of the Mage {Wiz Archmagi} for 867 gold
                  | pieces
 96640 | Bazaar   | Found the ring of the Mage {Wiz Archmagi}
 96640 | Bazaar   | Bought 2 potions of resistance for 340 gold pieces
 96640 | Bazaar   | Bought a potion of heal wounds for 85 gold pieces
 96640 | Bazaar   | Bought a potion of haste for 170 gold pieces
 97124 | Elf:2    | Acquired 1064 gold pieces
 97126 | Elf:2    | Acquired 667 gold pieces
 97128 | Elf:2    | Acquired 301 gold pieces
 97595 | Elf:2    | Noticed Zenata
 97612 | Elf:2    | Killed Zenata
 98016 | D:3      | Killed GiantSquids's ghost
 98355 | Vaults:1 | Killed an ancient lich
 98360 | Vaults:1 | Killed a dread lich
 98361 | Vaults:1 | Reached XP level 23. HP: 152/153 MP: 30/38
 98366 | Vaults:1 | Killed hikkokomori's ghost
 98381 | Vaults:1 | Identified the amulet of the Raven {Acrobat rF+ rN+ Dex-5
                  | Slay+2}
 98393 | Vaults:1 | Identified the +2 hat of Somewhere Else {*Corrode rN++}
 98398 | Vaults:1 | Identified the ring of Ogotoria {Ice Drain rPois Will+++
                  | Dex+3}
 98714 | Vaults:1 | Identified the amulet of Spite {Reflect Will+ rCorr SH+5
                  | Stlth+}
 98722 | Vaults:1 | Identified the ring "Evymnac" {*Slow AC+4 Str+5 Int+2}
 98958 | Vaults:3 | Identified the amulet of Bojism {RegenMP rElec rF+ Regen+
                  | rCorr}
 98994 | Vaults:3 | Reached skill level 15 in Unarmed Combat
 98994 | Vaults:3 | Reached XP level 24. HP: 160/160 MP: 39/39
 99109 | Vaults:4 | Killed Pixtaico's ghost
 99624 | Depths:2 | Gained mutation: Your body sometimes deteriorates upon
                  | taking damage. [a shining eye]
 99639 | Depths:2 | Gained mutation: Your spells are a little easier to cast,
                  | but a little less powerful. [a shining eye]
 99664 | Depths:2 | Lost mutation: Your spells are a little easier to cast, but
                  | a little less powerful. [potion of mutation]
 99664 | Depths:2 | Lost mutation: Your body sometimes deteriorates upon taking
                  | damage. [potion of mutation]
 99664 | Depths:2 | Gained mutation: You occasionally lose the ability to read
                  | scrolls when taking damage. [potion of mutation]
 99664 | Depths:2 | Gained mutation: Your spells are a little harder to cast,
                  | but a little more powerful. [potion of mutation]
 99664 | Depths:2 | Gained mutation: You are frail. (-10% HP) [potion of
                  | mutation]
 99664 | Depths:2 | Gained mutation: You are partially covered in large bone
                  | plates. (SH +4) [potion of mutation]
 99665 | Depths:2 | Lost mutation: You are frail. (-10% HP) [potion of
                  | mutation]
 99665 | Depths:2 | Lost mutation: You are partially covered in large bone
                  | plates. (SH +4) [potion of mutation]
 99665 | Depths:2 | Gained mutation: You are dopey. (Int -2) [potion of
                  | mutation]
 99666 | Depths:2 | Lost mutation: Your spells are a little harder to cast, but
                  | a little more powerful. [potion of mutation]
 99666 | Depths:2 | Lost mutation: You occasionally lose the ability to read
                  | scrolls when taking damage. [potion of mutation]
 99666 | Depths:2 | Gained mutation: You expend magic power (3 MP) to
                  | strengthen your wands. [potion of mutation]
 99666 | Depths:2 | Gained mutation: You are very dopey. (Int -4) [potion of
                  | mutation]
 99666 | Depths:2 | Gained mutation: You are clumsy. (Dex -2) [potion of
                  | mutation]
 99666 | Depths:2 | Gained mutation: You are robust. (+10% HP) [potion of
                  | mutation]
 99791 | Depths:2 | Found a one-way gate leading to the halls of Pandemonium.
 99968 | Depths:2 | Found an ornate altar of the Wu Jian Council.
100225 | Depths:2 | Lost mutation: You are clumsy. (Dex -2) [potion of
                  | mutation]
100225 | Depths:2 | Lost mutation: You expend magic power (3 MP) to strengthen
                  | your wands. [potion of mutation]
100225 | Depths:2 | Gained mutation: You are agile. (Dex +4, Str/Int -1)
                  | [potion of mutation]
100225 | Depths:2 | Gained mutation: You expend magic power (3 MP) to
                  | strengthen your wands. [potion of mutation]
100226 | Depths:2 | Lost mutation: You are robust. (+10% HP) [potion of
                  | mutation]
100226 | Depths:2 | Lost mutation: You are agile. (Dex +4, Str/Int -1) [potion
                  | of mutation]
100226 | Depths:2 | Lost mutation: You are very dopey. (Int -4) [potion of
                  | mutation]
100226 | Depths:2 | Gained mutation: Your muscles are strong. (Str +4, Int/Dex
                  | -1) [potion of mutation]
100314 | Depths:3 | Noticed Vv
100473 | Depths:3 | Killed Vv
100585 | Depths:3 | Found a one-way gate to the infinite horrors of the Abyss.
100751 | Depths:3 | Noticed a juggernaut
100759 | Depths:3 | Killed a juggernaut
101085 | Depths:3 | Noticed a juggernaut
101095 | Depths:3 | Killed a juggernaut
101688 | Depths:4 | Entered Level 4 of the Depths
101692 | Depths:4 | Noticed Margery
101699 | Depths:4 | Reached XP level 25. HP: 169/169 MP: 39/39
101709 | Depths:4 | Killed Margery
101841 | Depths:4 | Found a one-way gateway to a ziggurat.
101926 | Depths:4 | Found a gate to the Realm of Zot.
102030 | Depths:4 | Gained mutation: Your body sometimes deteriorates upon
                  | taking damage. [a shining eye]
102142 | Depths:4 | Found a corrupted altar of Lugonu.
102201 | Depths:4 | Reached skill level 15 in Dodging
102202 | Depths:4 | Identified the +7 whip "Miko" {pain, rN+}
102536 | Depths:4 | Reached skill level 16 in Unarmed Combat
102546 | Depths:4 | Identified the +10 eveningstar of the Growing Gods {vamp,
                  | rElec rPois}
102679 | Depths:4 | Learned a level 6 spell: Death Channel
102991 | Vaults:5 | Entered Level 5 of the Vaults
102991 | Vaults:5 | Noticed an ancient lich
102997 | Vaults:5 | Reached skill level 1 in Necromancy
103003 | Vaults:5 | Killed an ancient lich
103068 | Vaults:5 | Reached skill level 5 in Necromancy
103144 | Vaults:5 | Got a silver rune of Zot
103210 | Vaults:5 | Reached XP level 26. HP: 178/178 MP: 40/40
103336 | Vaults:5 | Got the Directory of Frostbitten Anathema
103355 | Vaults:5 | Identified the ring of Xom's Bemusement {*Slow rPois rC-
                  | rN+++ MP+9}
104309 | Vaults:5 | Reached skill level 17 in Unarmed Combat
104932 | Zot:1    | Entered Level 1 of the Realm of Zot
104939 | Zot:1    | Noticed an orb of fire
104944 | Zot:1    | Killed an orb of fire
105720 | Zot:1    | Reached skill level 10 in Necromancy
106218 | Zot:2    | Noticed an orb of fire
106230 | Zot:2    | Killed an orb of fire
106777 | Zot:2    | Reached skill level 15 in Spellcasting
107373 | Zot:2    | Reached skill level 18 in Unarmed Combat
107892 | Zot:3    | Noticed an orb of fire
107899 | Zot:3    | Killed an orb of fire
108001 | Zot:3    | Learned a level 8 spell: Ignition
108180 | Zot:3    | Reached skill level 1 in Fire Magic
108450 | Zot:4    | Noticed a Killer Klown
108453 | Zot:4    | Killed a Killer Klown
108560 | Zot:4    | Reached XP level 27. HP: 183/183 MP: 34/42
109501 | Zot:5    | Entered Level 5 of the Realm of Zot
110133 | Zot:5    | Reached skill level 5 in Fire Magic
110268 | Zot:5    | Noticed a dread lich
110274 | Zot:5    | Killed a dread lich
110283 | Zot:5    | Noticed an ancient lich
110288 | Zot:5    | Killed an ancient lich
110296 | Zot:5    | Reached skill level 15 in Fighting
110298 | Zot:5    | Noticed a dread lich
110308 | Zot:5    | Noticed a dread lich
110313 | Zot:5    | Killed a dread lich
110340 | Zot:5    | Killed a dread lich
110341 | Zot:5    | Reached skill level 19 in Unarmed Combat
110345 | Zot:5    | Noticed an ancient lich
110350 | Zot:5    | Killed an ancient lich
110508 | Zot:5    | Noticed a dread lich
110532 | Zot:5    | Killed a dread lich
110554 | Zot:5    | Noticed an orb of fire
110556 | Zot:5    | Noticed an orb of fire
110562 | Zot:5    | Gained mutation: Potions are less effective at restoring
                  | your health. [an orb of fire]
110566 | Zot:5    | Killed an orb of fire
110569 | Zot:5    | Killed an orb of fire
110672 | Zot:5    | Noticed an orb of fire
110681 | Zot:5    | Killed an orb of fire
110684 | Zot:5    | Noticed an ancient lich
110692 | Zot:5    | Noticed a dread lich
110694 | Zot:5    | Killed an ancient lich
110697 | Zot:5    | Killed a dread lich
110708 | Zot:5    | Noticed an ancient lich
110718 | Zot:5    | Killed an ancient lich
110734 | Zot:5    | Noticed an ancient lich
110738 | Zot:5    | Killed an ancient lich
110745 | Zot:5    | Identified the +14 crystal plate armour of Undesirable
                  | Species {Str-2 Dex+5}
111535 | Slime:1  | Entered Level 1 of the Pits of Slime
111557 | Lair:4   | Bought a potion of magic for 120 gold pieces
111557 | Lair:4   | Bought a potion of curing for 45 gold pieces
111557 | Lair:4   | Bought a potion of mutation for 120 gold pieces
111557 | Lair:4   | Bought a potion of brilliance for 60 gold pieces
111557 | Lair:4   | Bought a potion of brilliance for 60 gold pieces
111557 | Lair:4   | Bought a potion of brilliance for 60 gold pieces
111560 | Lair:4   | Bought a scroll of fear for 48 gold pieces
111560 | Lair:4   | Bought a scroll of blinking for 90 gold pieces
111915 | Slime:2  | Gained mutation: Your body often deteriorates upon taking
                  | damage. [a shining eye]
111986 | Slime:2  | Reached skill level 20 in Unarmed Combat
112710 | Slime:3  | Reached skill level 10 in Fire Magic
113761 | Slime:5  | Entered Level 5 of the Pits of Slime
113795 | Slime:5  | Found a viscous altar of Jiyva.
113805 | Slime:5  | Noticed the Royal Jelly
113827 | Slime:5  | Killed the Royal Jelly
113858 | Slime:5  | Identified the +9 shortbow of Wounding {speed, rElec rF+
                  | Will- Dex+5}
113865 | Slime:5  | Identified the ring of Vousawecse {rPois EV+5 Int+2}
113881 | Slime:5  | Identified the +3 glaive of Pugoureaxy {holy, rC+}
113885 | Slime:5  | Identified the +5 spear of Hufiacw {flame, rF+}
113891 | Slime:5  | Got the Omnibus of the Escort
113912 | Slime:5  | Identified the +9 spear of Ysampest {heavy, Dex+2}
113936 | Slime:5  | Got a slimy rune of Zot
113951 | Slime:5  | Identified the +9 shortbow "Qeyk Ten" {drain, Will+ Int+3
                  | Stlth+}
114041 | Slime:5  | Learned a level 8 spell: Maxwell's Capacitive Coupling
114842 | Depths:3 | Voluntarily entered the Abyss.
114885 | Abyss:1  | Found a corrupted altar of Lugonu.
114897 | Abyss:1  | Found a corrupted altar of Lugonu.
114897 | Abyss:1  | Found a corrupted altar of Lugonu.
115196 | Abyss:2  | Found a corrupted altar of Lugonu.
115205 | Abyss:2  | Found a corrupted altar of Lugonu.
115205 | Abyss:2  | Found a corrupted altar of Lugonu.
115291 | Abyss:3  | Noticed a dread lich
115298 | Abyss:3  | Killed a dread lich
115464 | Abyss:3  | Paralysed by accursed screaming for 2 turns
115482 | Abyss:3  | Gained mutation: You are occasionally teleported next to
                  | monsters. [a cacodemon]
115515 | Abyss:3  | Found a corrupted altar of Lugonu.
115570 | Abyss:3  | Found a corrupted altar of Lugonu.
115575 | Abyss:3  | Found a corrupted altar of Lugonu.
115631 | Abyss:3  | Paralysed by accursed screaming for 1 turns
115896 | Abyss:3  | Got an abyssal rune of Zot
115966 | Depths:3 | Escaped the Abyss
116108 | Depths:3 | Lost mutation: Potions are less effective at restoring your
                  | health. [potion of mutation]
116108 | Depths:3 | Lost mutation: You expend magic power (3 MP) to strengthen
                  | your wands. [potion of mutation]
116108 | Depths:3 | Lost mutation: Your body often deteriorates upon taking
                  | damage. [potion of mutation]
116108 | Depths:3 | Gained mutation: You are often teleported next to monsters.
                  | [potion of mutation]
116109 | Depths:3 | Lost mutation: Your muscles are strong. (Str +4, Int/Dex
                  | -1) [potion of mutation]
116109 | Depths:3 | Lost mutation: You are often teleported next to monsters.
                  | [potion of mutation]
116109 | Depths:3 | Lost mutation: You are dopey. (Int -2) [potion of mutation]
116109 | Depths:3 | Gained mutation: You are partially covered in iridescent
                  | scales. (AC +2) [potion of mutation]
116109 | Depths:3 | Gained mutation: You are somewhat resistant to further
                  | mutation. [potion of mutation]
116110 | Depths:3 | Lost mutation: Your body sometimes deteriorates upon taking
                  | damage. [potion of mutation]
116110 | Depths:3 | Lost mutation: You are partially covered in iridescent
                  | scales. (AC +2) [potion of mutation]
116111 | Depths:3 | Lost mutation: You are occasionally teleported next to
                  | monsters. [potion of mutation]
116111 | Depths:3 | Lost mutation: You are somewhat resistant to further
                  | mutation. [potion of mutation]
116111 | Depths:3 | Gained mutation: Your body sometimes deteriorates upon
                  | taking damage. [potion of mutation]
116111 | Depths:3 | Gained mutation: Your spells are a little easier to cast,
                  | but a little less powerful. [potion of mutation]
116111 | Depths:3 | Gained mutation: You occasionally lose the ability to drink
                  | potions when taking damage. [potion of mutation]
116111 | Depths:3 | Lost mutation: Your spells are a little easier to cast, but
                  | a little less powerful. [potion of mutation]
116112 | Depths:3 | Lost mutation: You occasionally lose the ability to drink
                  | potions when taking damage. [potion of mutation]
116112 | Depths:3 | Lost mutation: Your body sometimes deteriorates upon taking
                  | damage. [potion of mutation]
116112 | Depths:3 | Gained mutation: You passively dampen the noise of your
                  | surroundings. [potion of mutation]
116112 | Depths:3 | Gained mutation: You are robust. (+10% HP) [potion of
                  | mutation]
116112 | Depths:3 | Gained mutation: Potions are less effective at restoring
                  | your health. [potion of mutation]
116112 | Depths:3 | Gained mutation: You are somewhat resistant to further
                  | mutation. [potion of mutation]
116123 | Depths:3 | Learned a level 8 spell: Disjunction
116434 | Depths:2 | Bought a ring of positive energy for 360 gold pieces
116487 | Pan      | Entered Pandemonium
116537 | Pan      | Found a huge runed translucent gate.
116538 | Pan      | Found a huge runed translucent gate.
116539 | Pan      | Found a huge runed translucent gate.
116539 | Pan      | Found a huge runed translucent gate.
116539 | Pan      | Found a huge runed translucent gate.
116539 | Pan      | Found a huge runed translucent gate.
116540 | Pan      | Found a huge runed translucent gate.
116546 | Pan      | Noticed Toutovib the pandemonium lord
116568 | Pan      | Reached skill level 1 in Translocations
116571 | Pan      | Killed Toutovib the pandemonium lord
116988 | Pan      | Found an exit through the horrors of the Abyss.
117016 | Pan      | Noticed Ignacio
117996 | Pan      | Killed Ignacio
117997 | Pan      | Reached skill level 15 in Fire Magic
118308 | Pan      | Noticed Wuargh the pandemonium lord
118320 | Pan      | Killed Wuargh the pandemonium lord
118687 | Pan      | Identified the +2 war axe of Kuinwieg {pain, rF+ Will-
                  | Dex+3 Stlth+}
119206 | Pan      | Reached skill level 5 in Translocations
119272 | Pan      | Entered the realm of Gloorx Vloq.
119373 | Pan      | Noticed Mennas
119404 | Pan      | Killed Mennas
119859 | Pan      | Acquired the Codex of Momentum and Distance
119879 | Pan      | Noticed Gloorx Vloq
120195 | Pan      | Killed Gloorx Vloq
120204 | Pan      | Got a dark rune of Zot
120417 | Pan      | Entered the realm of Lom Lobon.
120667 | Pan      | Learned a level 3 spell: Vhi's Electric Charge
121663 | Pan      | Noticed Lom Lobon
121809 | Pan      | Got a magical rune of Zot
121830 | Pan      | Killed from afar by Lom Lobon

Illustrated notes

Levels and vault maps discovered:
D:1:      dpeg_arrival_prison, layout_loops_corners,
          shapermc_ecumenical_altar_ellora, chequers_serial_rivers_marsh,
          grunt_decor_arrowhead
D:2:      layout_basic, serial_shops, shop, uniq_robin, uniq_terence
D:3:      layout_basic, gammafunk_ghost_mausoleum
D:4:      layout_layer_cave, tso_metal_star, nicolae_hepliaklqana_hazy_memory
D:5:      kennysheep_windowed_halls, layout_basic, mainiacjoe_overflow_catwalk,
          lemuel_doored_altar, mainiacjoe_overflow_large_starburst,
          mainiacjoe_overflow_brackets, nicolae_gozag_zags_fifth_avenue,
          uniq_eustachio
D:6:      layout_layer_cave, trog_ov_bears_minmay, kennysheep_mini_moat,
          minmay_temple_entry_mist, portal_sewer_entry_d
D:7:      nicolae_whirlpool, layout_rooms, mainiacjoe_overflow_two_lobes
D:8:      layout_loops_cross, kennysheep_mini, tgw_sif
D:9:      layout_basic, mainiacjoe_overflow_24_doors,
          nicolae_ru_sacrificial_ziggurat, uniq_erica, uniq_pikel
D:10:     layout_loops_corners, hellmonk_lair_entry_icy, serial_glass,
          glass_columns_c, glass_columns_b, enter_bailey_4, grunt_ministairs_10,
          uniq_lodul
D:11:     gammafunk_indiana_jones, layout_long_grid,
          kennysheep_orc_monster_closet_entryway, minmay_misc_feat_chi,
          kennysheep_path_1, uniq_snorg
D:12:     layout_basic, portal_ice_cave_entry_animals_and_master,
          hangedman_tell_no_tales
D:13:     layout_roguey, erik_vaults_2, chequers_arboretum
D:14:     layout_loops_ring, nicolae_twisting_strands, nicolae_take_the_stairs,
          grunt_ministairs_1, einodemon_barbed_minivault
D:15:     grunt_enter_depths_hoard, layout_basic, nicolae_splish_splash
Lair:1:   layout_cave_pods, nicolae_volcano_entry_hallway, grunt_megastairs_4,
          lemuel_fruit_tree
Lair:2:   layout_cave_pods, nicolae_swamp_entry_spooky, spider_nest_entry_webs
Lair:3:   layout_cave_shapes, serial_bayou, serial_bayou_pond_d,
          serial_bayou_lagoon_b, serial_bayou_pond_a, serial_bayou_pond_c,
          serial_bayou_pond_d, serial_bayou_pond_b
Lair:4:   layout_hall_layers, minmay_slime_entry_jelly_boxes, grunt_megastairs_3
Lair:5:   minmay_lair_end_enchanted_forest, layout_misc_corridors,
          infiniplex_staircase_pool_2, grunt_megastairs_5
Swamp:1:  layout_basic_swamp, evilmike_swamp_ruin_house_1
Swamp:2:  layout_basic_swamp, serial_swamp_ruin, hangedman_swamp_ruin_hall,
          evilmike_swamp_ruin_house_5, swamp_pool2, water_boxes_lemuel
Swamp:3:  nzn_winding_woodlands_three_and_one
          [nzn_winding_woodlands_5x15_split_checker,
          nzn_winding_woodlands_5x15_zeroes,
          nzn_winding_woodlands_5x15_longhouse,
          nzn_winding_woodlands_center_lodge], layout_basic_swamp,
          nicolae_swamp_godswood, swamp_pool3
Swamp:4:  swamp_old_school, layout_basic_swamp
Spider:1: layout_spider_delve, hangedman_spider_tarantella_strand, uniq_nikola
Spider:2: nicolae_spider_mines_3, uniq_asterion
Spider:3: layout_chambers, guppyfry_spider_mini_3, uniq_azrael, uniq_arachne
Spider:4: guppyfry_spider_rune
Slime:1:  layout_caves
Slime:2:  layout_caves
Slime:3:  layout_caves
Slime:4:  layout_caves
Slime:5
Orc:1:    layout_caves, basic_altar, serial_shops, nicolae_shop_trees, shop,
          abandoned_shop
Orc:2:    st_orc_ogre_mass, layout_caves, serial_shops, nicolae_lakefront_shop,
          nicolae_shop_trees, nicolae_shop_hallway_stairs,
          nicolae_orc_lava_room, uniq_rupert
Elf:1:    elf_arrival_001, layout_rooms, basic_altar, evilmike_minifort,
          bh_hangedman_babel_library
Elf:2:    elven_hall_of_blades_hangedman_original [nicolae_blade_bullseye],
          layout_geoelf_octagon, nicolae_trove_entry_free_sample, serial_shops,
          shop, minmay_shoptagon, uniq_zenata
Elf:3:    elf_hall, layout_loops_corners, dreamdust_princess_corridor,
          uniq_roxanne, uniq_aizul, uniq_louise
Vaults:1: gammafunk_ghost_crypt, nicolae_vaults_little_squares_6, v_misc_24,
          v_misc_3, v_misc_29, vaults_room_grid, gammafunk_sealed_arena,
          vaults_dpeg_spiral, v_misc_18, vaults_dpeg_encased_lava,
          layout_vaults_omnigrid
Vaults:2: st_hourglassy, hangedman_vaults_trim, v_alt_pattern_1,
          nicolae_vaults_stairing_the_circle, nicolae_vaults_yaktaur_gun_rack,
          nicolae_vaults_shelves_hall, vaults_dpeg_hooks, v_misc_9,
          hangedman_vaults_stagger, nicolae_vaults_specimen_jars,
          nicolae_vaults_alarming, vaults_room_fancy_cross,
          grunt_vaults_diagonal, layout_vaults_omnicross
Vaults:3: nicolae_vaults_big_angled_halls, minmay_crypt_entry_nasty_monster,
          v_rooms_4, gammafunk_the_bubble [the_bubble_gammafunk_crates],
          v_pattern_2, v_misc_22, vaults_standard_mumra_enter_the_diamond,
          nicolae_vaults_network_barrier, vaults_room_corners, v_misc_30,
          ontoclasm_vaults_hangar, nicolae_vaults_little_squares_3, v_misc_23,
          nicolae_vaults_little_squares_3, vaults_room_semicircle,
          nicolae_vaults_diagonal_hallway_7, layout_vaults_omnibox
Vaults:4: gammafunk_ghost_split, vaults_room_corners, ontoclasm_vaults_eye,
          hangedman_vaults_slice, vaults_room_fours, hangedman_vaults_locks,
          hangedman_vaults_maws, layout_vaults_chaotic_city
Vaults:5: serial_shops
Depths:1: layout_cave_pools, hell_entry, minmay_protected_statue
Depths:2: kennysheep_six_static_rooms, layout_gridville, serial_shops,
          bzr_in_the_mist, nicolae_stop_n_shop_1, shop_fountains, hell_entry,
          special_room [special_room_jelly], grunt_pan_entry_zigzag,
          nzn_wu_jian_council_hall, kb_rosetta,
          infiniplex_staircase_spiral_double
Depths:3: lemuel_traditional_vault, layout_cave_shapes,
          grunt_hell_entry_dis_grunt, chequers_serial_rivers_micro_a,
          abyss_entry, minmay_staircase_statues, uniq_vv
Depths:4: grunt_x_marks_the_spot, layout_cave_shapes, enter_ziggurat_b,
          serial_sigils_hangedman_snap, abyss_entry_flame_altar,
          pf_hell_entry_tar_river, nrook_loot_triangle, minmay_orc_keep,
          uniq_margery
Zot:1:    layout_cathedral_of_symmetry, hangedman_zot_decor_checkerboard,
          grunt_megastairs_1
Zot:2:    layout_onion_interference, zot_minivault_5
Zot:3:    layout_cathedral_of_symmetry, grunt_ministairs_14
Zot:4:    layout_concentric_octagons
Zot:5:    layout_cellular_growth
Pan:      nicolae_pan_giant_door, layout_chambers, uniq_ignacio,
          evilmike_mini_pan_doors, layout_gridlike, pan_blood_fountain_small,
          pan_blood_fountain, nicolae_pan_mnolegish_4, gloorx_vloq,
          layout_stronghold, uniq_mennas_pan, lom_lobon_grunt_wind_tunnels,
          layout_stronghold, nicolae_pan_mnolegish_3

Skill      XL: |  1  2  3  4  5  6  7  8  9 10 11 12 13 14 15 16 17 18 19 20 21 22 23 24 25 26 27 |
---------------+----------------------------------------------------------------------------------+-----
Stealth        | 2 3 4 5 6 7 8 11 13 | 13.0
Shields        | 1 2 4 |  4.0
Short Blades   | 4 5 6 9 10 11 12 13 14 | 14.0
Dodging        | 4 5 7 8 10 11 12 13 14 15 | 15.0
Air Magic      | 4 6 8 10 12 13 15 16 17 | 17.0
Fighting       | 3 5 9 10 11 12 13 14 17 | 17.6
Evocations     | 5 7 8 9 10 11 13 | 13.0
Summonings     | 3 5 |  5.0
Spellcasting   | 1 4 5 6 8 9 11 12 13 15 18 | 18.0
Poison Magic   | 4 9 |  9.0
Transmutations | 1 8 11 13 14 15 16 17 | 17.0
Hexes          | 1 2 4 |  4.0
Conjurations   | 8 9 10 | 10.0
Ice Magic      | 7 |  7.0
Unarmed Combat | 8 13 14 15 16 18 20 | 20.0
Necromancy     | 6 13 14 | 14.0
Fire Magic     | 2 16 | 16.0
Translocations | 7 |  7.2
Throwing       | |  2.0

Action                     |  1- 3 |  4- 6 |  7- 9 | 10-12 | 13-15 | 16-18 | 19-21 | 22-24 | 25-27 || total
---------------------------+-------+-------+-------+-------+-------+-------+-------+-------+-------++-------
  Melee: Rapier            |    67 |    88 |   265 |   552 |   584 |   302 |    53 |       |       ||  1911
         Tentacles         |    14 |    13 |    69 |   160 |   228 |   136 |    24 |     1 |    12 ||   657
         Constrict         |    14 |    19 |    48 |    50 |    63 |    53 |     7 |       |     6 ||   260
         Punch             |       |     1 |     4 |    14 |    13 |     8 |    55 |    57 |   225 ||   377
         Scimitar          |       |       |       |       |   115 |    20 |       |       |       ||   135
         Staff             |       |       |       |       |    21 |    63 |    24 |     4 |    23 ||   135
         Dagger            |       |       |       |       |     4 |       |       |       |       ||     4
         Unarmed           |       |       |       |       |       |       |   576 |   529 |  1473 ||  2578
   Fire: Sling             |       |     5 |       |       |       |       |       |       |       ||     5
         Arbalest          |       |       |   111 |   216 |       |       |       |       |       ||   327
  Throw: Throwing net      |       |       |     1 |     8 |     2 |     5 |       |       |       ||    16
         Dart              |       |       |       |       |     1 |     3 |       |       |       ||     4
   Cast: Airstrike         |       |       |       |    73 |   622 |   629 |   269 |       |     1 ||  1594
         Summon Lightning  |       |       |       |       |    38 |    24 |       |       |       ||    62
         Wereblood         |       |       |       |       |     8 |       |    45 |    31 |    72 ||   156
         Olgreb's Toxic Ra |       |       |       |       |     1 |   145 |     6 |       |       ||   152
         Lightning Bolt    |       |       |       |       |    25 |    40 |    81 |       |       ||   146
         Freezing Cloud    |       |       |       |       |       |    35 |    10 |       |       ||    45
         Irradiate         |       |       |       |       |       |    14 |     7 |     1 |       ||    22
         Ozocubu's Armour  |       |       |       |       |       |     7 |     2 |       |       ||     9
         Passwall          |       |       |       |       |       |       |     3 |       |       ||     3
         Storm Form        |       |       |       |       |       |       |    52 |    44 |   126 ||   222
         Swiftness         |       |       |       |       |       |       |     1 |       |       ||     1
         Death Channel     |       |       |       |       |       |       |       |       |    44 ||    44
         Vhi's Electric Ch |       |       |       |       |       |       |       |       |     2 ||     2
 Invoke: Potion Petition   |       |       |       |     1 |     4 |     3 |     2 |     1 |    12 ||    23
         Call Merchant     |       |       |       |     1 |       |     1 |       |       |     3 ||     5
Ability: Blinkbolt         |       |       |       |       |       |       |    12 |    11 |    32 ||    55
         End Transformatio |       |       |       |       |       |       |     2 |       |       ||     2
  Evoke: Wand              |       |       |     1 |     5 |     2 |     9 |       |     1 |     1 ||    19
         Lightning rod     |       |       |       |     4 |       |       |       |       |       ||     4
         Condenser vane    |       |       |       |     1 |     3 |     3 |     4 |     1 |     1 ||    13
         Phial of floods   |       |       |       |       |     1 |     1 |       |       |       ||     2
         Phantom mirror    |       |       |       |       |       |       |       |     1 |     2 ||     3
         Box of beasts     |       |       |       |       |       |       |       |       |     2 ||     2
    Use: Scroll            |       |     5 |     8 |    11 |     6 |    12 |     4 |     5 |    10 ||    61
         Potion            |       |       |       |     6 |     1 |     6 |     2 |     8 |     8 ||    31
   Stab: Sleeping          |    13 |    11 |    24 |    11 |     6 |    13 |    18 |     2 |     6 ||   104
         Distracted        |       |     1 |     1 |       |     6 |     2 |     3 |    14 |    49 ||    76
         Held in net/web   |       |       |       |     3 |       |       |       |       |       ||     3
         Betrayed ally     |       |       |       |     1 |       |     1 |       |       |       ||     2
         Invisible         |       |       |       |       |       |       |       |       |     2 ||     2
 Armour: Skin              |     3 |     8 |    12 |    29 |    64 |    74 |   129 |    83 |   227 ||   629
  Dodge: Dodged            |    27 |    43 |   178 |   265 |   423 |   477 |   628 |   557 |  1657 ||  4255
  Block: Buckler           |     6 |    20 |     1 |       |    66 |   229 |    46 |     2 |    14 ||   384

Table legend: (Time is in decaauts)
 A = Elapsed time spent in this place.
 B = Non-inter-level travel time spent in this place.
 C = Inter-level travel time spent in this place.
 D = Time resting spent in this place.
 E = Time spent auto-exploring this place.
 F = Levels seen in this place.
 G = Mean time per level.
                   A        B        C        D        E       F      G
               +--------+--------+--------+--------+--------+-----+--------+
         Total | 120341 | 111108 |   9233 |  44230 |  44774 |  64 | 1880.3 |
       Dungeon |  25219 |  21873 |   3346 |   6318 |  10843 |  15 | 1681.3 |
          Lair |  17886 |  16170 |   1716 |   8554 |   4982 |   5 | 3577.2 |
         Swamp |  13107 |  12762 |    345 |   8355 |   2634 |   4 | 3276.8 |
   Spider Nest |  11590 |  11058 |    532 |   6134 |   3137 |   4 | 2897.5 |
    Slime Pits |   2881 |   2780 |    101 |     10 |   2090 |   5 |  576.2 |
  Orcish Mines |   4248 |   3836 |    412 |   1709 |   1610 |   2 | 2124.0 |
   Elven Halls |  14206 |  13509 |    697 |   8929 |   2796 |   3 | 4735.3 |
        Vaults |   9255 |   8130 |   1125 |    503 |   5782 |   5 | 1851.0 |
        Depths |   4949 |   4304 |    645 |    427 |   2658 |   4 | 1237.2 |
           Zot |   6112 |   5803 |    309 |    127 |   4625 |   5 | 1222.4 |
         Abyss |   1043 |   1043 |      0 |     25 |     60 |   3 |  347.7 |
   Pandemonium |   5130 |   5130 |      0 |    548 |   2889 |   4 | 1282.5 |
        Bazaar |     71 |     71 |      0 |      0 |     40 |   1 |   71.0 |
         Trove |     38 |     38 |      0 |      0 |      4 |   1 |   38.0 |
         Sewer |    226 |    226 |      0 |      0 |     57 |   1 |  226.0 |
        Bailey |   1062 |   1062 |      0 |    229 |    267 |   1 | 1062.0 |
      Ice Cave |   3310 |   3310 |      0 |   2359 |    299 |   1 | 3310.0 |
               +--------+--------+--------+--------+--------+-----+--------+

Top non-repeatable levels by time:
   Elf:3: 6308 daAuts
  Lair:4: 4863 daAuts
   Elf:1: 4581 daAuts
Spider:3: 4261 daAuts
 Swamp:4: 4218 daAuts
  Lair:5: 4173 daAuts
 Swamp:3: 3693 daAuts
   Orc:2: 3501 daAuts
  Lair:2: 3386 daAuts
   Elf:2: 3317 daAuts
   IceCv: 3310 daAuts
 Swamp:2: 3248 daAuts
  Lair:3: 3199 daAuts
Spider:1: 3013 daAuts
    D:11: 2665 daAuts
